 Dungeon Crawl Stone Soup version 0.19.0-22-gd96e5fe (webtiles) character file.

89 Ice the Sneak (level 4, -4/39 HPs)
             Began as a Deep Dwarf Assassin on Nov 19, 2016.
             Was an Initiate of Gozag.
             Slain by an orc
             ... wielding a +2 hand axe of distortion
              (19 damage)
             ... on level 3 of the Dungeon.
             The game lasted 00:37:58 (1956 turns).

Ice the Sneak (Deep Dwarf Assassin)                 Turns: 1956, Time: 00:37:59

Health: -4/39      AC:  7    Str: 15    XL:     4   Next: 31%
Magic:  4/4        EV: 10    Int: 12    God:    Gozag
Gold:   94         SH:  0    Dex: 14    Spells: 0 memorised, 3 levels left

rFire  . . .     SeeInvis .     B - +0 lajatang
rCold  . . .     Gourm    .     r - +0 ring mail
rNeg   . . .     Faith    .     (shield currently unavailable)
rPois  .         Spirit   .     (no helmet)
rElec  .         Reflect  .     d - +0 cloak
rCorr  .         Harm     .     w - +0 pair of gloves
MR     .....                    (no boots)
Stlth  ++........               (no amulet)
                                (no ring)
                                (no ring)

@: non-regenerating
A: damage resistance, recharge devices, sense surroundings 1, slow regeneration
3
a: Device Recharging, Potion Petition, Call Merchant, Bribe Branch, Renounce
Religion


You were on level 3 of the Dungeon.
You worshipped Gozag.
Gozag was noncommittal.
You were very hungry.

You visited 1 branch of the dungeon, and saw 3 of its levels.

You collected 124 gold pieces.
You paid 30 gold pieces to Gozag.

Inventory:

Hand Weapons
 b - a +0 blowgun
 f - a +0 hunting sling
 o - a +3 dagger
 B - a +0 lajatang (weapon)
Missiles
 e - 17 poisoned needles
 l - a curare-tipped needle
 m - 48 stones (quivered)
 t - 73 arrows
Armour
 a - a +0 leather armour
 c - a +0 robe
 d - a +0 cloak (worn)
 r - a +0 ring mail (worn)
 w - a +0 pair of gloves (worn)
Wands
 g - a wand of heal wounds (5/9)
Scrolls
 i - 2 scrolls of teleportation {unknown}
 n - 2 scrolls of fear {unknown}
 p - 3 scrolls of identify {unknown}
 s - a scroll of enchant armour {unknown}
 x - a scroll of amnesia {unknown}
 y - a scroll of recharging {unknown}
 A - a scroll of immolation {unknown}
Potions
 j - 2 potions of might {unknown}
 k - 3 potions of curing {unknown}
 q - a potion of berserk rage {unknown}
 u - 2 potions of agility {unknown}
 z - a potion of degeneration {unknown}
Comestibles
 h - a bread ration
 v - 3 fruits
 C - a meat ration


   Skills:
 - Level 1.7 Fighting
 - Level 1.7 Short Blades
 - Level 4.0 Throwing
 - Level 1.1 Dodging
 - Level 5.1 Stealth


You had 3 spell levels left.
You didn't know any spells.

Dungeon Overview and Level Annotations

Branches:
Dungeon (3/15)

Altars:
Gozag


Innate Abilities, Weirdness & Mutations

You are resistant to damage.
You can recharge devices by infusing magical energy.
You passively map a small area around you.
You do not regenerate.


Message History

Press: ? - help, Shift-Dir - straight line, f/p - orc wizard
Aim: an orc wizard, wielding a dagger and wearing a robe You shoot a poisoned needle.
The poisoned needle hits the orc wizard.
The orc wizard is poisoned.
Firing (i - inventory. (,) - cycle):
e - 18 poisoned needles (quivered)
Press: ? - help, Shift-Dir - straight line, f - orc, p - orc wizard
Aim: an orc, wielding a hand axe of distortion and wearing a chain mail You shoot a poisoned needle.
The poisoned needle hits the orc.
The orc is poisoned.
The orc wizard casts a spell.
The orc wizard blinks!
B - a +0 lajatang (weapon)
Found 3 fruits.
Things that are here:
5 gold pieces; a club The orc hits you with a hand axe of distortion.
Space warps horribly around you!
You die...
Your body crumbles into a pile of gold.

#..............#.......# #
#..............#.......#### * *
#................................
#..............#.......##########
#...................#.....#
#..............######.###.#
######...........# #.# *,# ,,
#.#########$####.#* .#
.......@..# .. * * * ,.......o((#
, ..........# , .......(.ยง# , ,
* ..........# , , , ,...o......(
* .....%....## , ,, ........... *
* *


You could see an orc wizard and an orc.

Vanquished Creatures
  2 adders (D:2)
  2 worms
  2 dart slugs (D:1)
  2 leopard geckos
  2 orcs (D:3)
  7 bats
  4 giant cockroaches
  3 hobgoblins
  4 jackals (D:2)
  A quokka (D:3)
  3 frilled lizards
  7 goblins
  9 kobolds
  8 rats
56 creatures vanquished.

Notes
Turn   | Place    | Note
-------+----------+-------------------------------------------
     0 | D:1      | Ice the Deep Dwarf Assassin began the quest for the Orb.
     0 | D:1      | Reached XP level 1. HP: 19/19 MP: 1/1
    69 | D:1      | Reached skill level 5 in Stealth
   240 | D:1      | Reached XP level 2. HP: 26/26 MP: 2/2
   510 | D:1      | Reached XP level 3. HP: 24/32 MP: 3/3
  1325 | D:2      | Reached XP level 4. HP: 17/39 MP: 4/4
  1740 | D:3      | Found an opulent altar of Gozag.
  1786 | D:3      | Became a worshipper of Gozag Ym Sagoz the Greedy
  1956 | D:3      | Slain by an orc

Skill      XL: |  1  2  3  4 |
---------------+-------------+-----
Stealth        | 5 |  5.1
Throwing       | 2 3 4 |  4.0
Fighting       | |  1.7
Short Blades   | |  1.7
Dodging        | |  1.1

Action                   |  1- 3 |  4- 6 || total
-------------------------+-------+-------++-------
Melee: Dagger            |    68 |    15 ||    83
 Fire: Blowgun           |    39 |    16 ||    55
       Hunting sling     |       |     7 ||     7
  Use: Scroll            |     1 |       ||     1
 Stab: Sleeping          |     3 |     1 ||     4
  Eat: Chunk             |     1 |     1 ||     2
Armor: Robe              |    16 |       ||    16
       Ring mail         |     3 |     6 ||     9
Dodge: Dodged            |    48 |     7 ||    55
